 Dungeon Crawl Stone Soup version 0.28-a0-697-g47f3eba078 (webtiles) character file.

Game seed: 8136307149431346108

337798 Johnny the Slayer (level 22, -3/210 HPs)
             Began as a Human Berserker on Oct 23, 2021.
             Was a High Priest of Trog.
             Slain by a vault guard (12 damage)
             ... led by a vault warden
             ... on level 3 of the Vaults.
             The game lasted 01:13:22 (41548 turns).

Johnny the Slayer (Human Berserker)                Turns: 41548, Time: 01:13:23

Health: -3/210     AC: 20    Str: 25    XL:     22   Next: 91%
Magic:  19/19      EV: 19    Int: 15    God:    Trog [*****.]
Gold:   2695       SH:  0    Dex: 14    Spells: 21/21 levels left

rFire   + + +      SeeInvis .   d - +8 great sword (drain)
rCold   + . .      Faith    .   (shield currently unavailable)
rNeg    + . .      Spirit   .   g - +4 troll leather armour {Snorg}
rPois   +          Reflect  .   y - +1 hat {Stlth+}
rElec   +          Harm     .   T - scarf {rC+ rF+}
rCorr   +          Rampage  ∞   p - +1 pair of gloves
Will    ++++.      Clarity  +   Q - +3 pair of seven-league boots {Rampage+∞}
Stlth   ++........              E - amulet of the Four Winds {rN+ Will+++ Clar}
HPRegen 1.45/turn               a - ring "Becs" {Contam *Corrode rElec rF+++ Int+6}
MPRegen 0.16/turn               J - ring of Gudan {Fly rPois rCorr Slay+2}

@: frozen, on berserk cooldown, flying, slowed, studying 2 skills, very slow
A: iridescent scales 1, low mp 1, subdued magic 1, sturdy frame 1
}: 2/15 runes: decaying, gossamer
a: Renounce Religion, Berserk, Trog's Hand, Brothers in Arms


You were on level 3 of the Vaults.
You worshipped Trog.
Trog was extremely pleased with you.
You visited 7 branches of the dungeon, and saw 37 of its levels.
You also visited: Ossuary, Gauntlet and Wizlab.

You collected 4585 gold pieces.
You spent 1890 gold pieces at shops.

Inventory:

Hand Weapons
 d - a +8 great sword of draining (weapon)
Missiles
 K - 2 throwing nets (quivered)
Armour
 g - a +4 troll leather armour (worn) {Snorg}
 h - a +1 crystal plate armour
 p - a +1 pair of gloves (worn)
 y - a +1 hat of stealth (worn)
 P - the +2 ring mail "Mehoge" {rN+++ Dex+3}
   (You found it on level 10 of the Dungeon)

   Dex:       It affects your dexterity (+3).
   rN:        It renders you almost immune to negative energy.
 Q - the +3 pair of seven-league boots (worn) {Rampage+∞}
   (You found it in a Gauntlet)

   Its wearer moves as far as possible in that direction when moving towards
   enemies.
 T - a scarf of resistance (worn)
 Y - the +2 robe of Vines {NoPotionHeal Regen+++}
   (You found it on level 2 of the Lair of Beasts)

   Its wearer cannot be healed by potions.
   Regen:     It increases your rate of health regeneration.
Jewellery
 a - the ring "Becs" (left hand) {Contam *Corrode rElec rF+++ Int+6}
   (You acquired it on level 11 of the Dungeon)

   [ring of intelligence]

   Int:       It affects your intelligence (+6).
   rF:        It renders you almost immune to fire.
   rElec:     It insulates you from electricity.
   Contam:    It causes magical contamination when unequipped.
   *Corrode:  It may corrode you when you take damage.
 r - an amulet of regeneration
 E - the amulet of the Four Winds (around neck) {rN+ Will+++ Clar}
   (You took it off a deep elf annihilator on level 3 of the Elven Halls)

   [amulet of nothing]

   rN:        It protects you from negative energy.
   Clar:      It protects you against confusion.
   Will:      It greatly increases your willpower.
 J - the ring of Gudan (right hand) {Fly rPois rCorr Slay+2}
   (You found it on level 6 of the Lair of Beasts)

   [ring of poison resistance]

   Slay:      It affects your accuracy & damage with ranged weapons and melee
   (+2).
   rPois:     It protects you from poison.
   Fly:       It grants you flight.
   rCorr:     It protects you from acid and corrosion.
 M - an amulet of guardian spirit
 O - a ring of protection from cold
 U - an amulet of the acrobat
Wands
 e - a wand of acid (4)
 D - a wand of flame (22)
 F - a wand of paralysis (6)
 G - a wand of polymorph (22)
 W - a wand of iceblast (3)
Scrolls
 b - 6 scrolls of immolation
 c - 5 scrolls of vulnerability
 j - 4 scrolls of noise
 l - 2 scrolls of holy word
 n - 3 scrolls of silence
 o - 11 scrolls of teleportation
 q - 10 scrolls of fog
 x - a scroll of acquirement
 C - 3 scrolls of enchant armour
 I - 6 scrolls of magic mapping
 R - a scroll of fear
 S - 32 scrolls of identify
 V - 3 scrolls of torment
Potions
 f - 7 potions of curing
 i - 2 potions of resistance
 k - a potion of cancellation
 m - a potion of heal wounds
 s - 3 potions of mutation
 t - 12 potions of might
 u - 7 potions of magic
 w - 5 potions of brilliance
 z - 10 potions of ambrosia
 A - 2 potions of berserk rage
 B - 10 potions of lignification
 N - 3 potions of haste
 Z - 6 potions of flight
Miscellaneous
 v - a phial of floods
 H - a condenser vane
 L - a phantom mirror
 X - a lightning rod (4/4)


   Skills:
 + Level 26.5 Fighting
 - Level 21.7 Long Blades
 + Level 12.0 Armour
 + Level 14.3 Dodging


You had 21 spell levels left.
You didn't know any spells.
Your spell library was empty.

Dungeon Overview and Level Annotations

Branches:
Dungeon (15/15)            Temple (0/1) D:5            Lair (6/6) D:11
  Swamp (4/4) Lair:2       Spider (4/4) Lair:4        Slime (0/5) Lair:6
    Orc (2/2) D:9             Elf (3/3) Orc:2        Vaults (3/5) D:13
  Crypt (0/3) Vaults:2     Depths (0/4) D:15        Ossuary (visited)
 WizLab (visited)         Gauntlet (visited)

Altars:
Ashenzari
Dithmenos
Gozag
Nemelex Xobeh
Sif Muna
Trog
Uskayaw
Vehumet
Xom
Yredelemnul
Zin
Beogh
Jiyva

Shops:
D:8 ?   Orc:1 ?   Orc:2 =![   Elf:2 :=:

Portals:
Abyss: Lair:3

Annotations:
D:3 Natasha
D:7 Pikel
D:8 3 runed translucent doors, Liado's ghost, novice GnFi
Lair:3 2 transporters, Essalna's ghost, journeyman GrFE
Swamp:2 Roxanne
Swamp:3 3 runed translucent doors, Alackytt's ghost, journeyman TrBe


Innate Abilities, Weirdness & Mutations

You are partially covered in iridescent scales. (AC +2)
Your magical capacity is low. (-10% MP)
Your spells are a little easier to cast, but a little less powerful.
Your movements are slightly less encumbered by armour. (ER -2)


Message History

The vault guard hits your two-headed ogre with a +0 war axe!
Your two-headed ogre closely misses the vault guard.
Your two-headed ogre hits the vault guard with a +0 giant spiked club!!!
The vault guard dies!
Trog accepts your kill.
Your ogre goes berserk!
The vault guard blocks your two-headed ogre's attack. x2
The vault guard barely misses your two-headed ogre.
The vault guard blocks your two-headed ogre's attack.
Your two-headed ogre hits the vault guard with a +0 giant spiked club!
The vault guard hits your two-headed ogre with a +0 war axe!
Your two-headed ogre dies!
Your two-headed ogre's corpse disappears in a puff of smoke!
The ironbound frostheart calls freezing cold from the walls.
The frost grips you! You partially resist.
* * * LOW HITPOINT WARNING * * *
You are encased in ice.
You feel much better.
The vault guard hits your ogre with a +0 war axe!
The vault guard blocks your ogre's attack.
You reach down and open the door.
The ice encasing you melts away.
The vault guard hits your ogre with a +0 war axe!!
Your ogre dies!
Your ogre's corpse disappears in a puff of smoke!
The ironbound frostheart calls freezing cold from the walls.
The frost grips you! You partially resist.
* * * LOW HITPOINT WARNING * * *
You are encased in ice.
There is an open door here.
The ironbound frostheart calls freezing cold from the walls.
The frost grips you!! You partially resist.
* * * LOW HITPOINT WARNING * * *
As you read the scroll of fear, it crumbles to dust.
You assume a fearsome visage.
The ironbound frostheart looks frightened!
The vault guard resists with some effort.
The vault guard hits you but does no damage.
The vault guard hits you with a +0 war axe!
You die...

........# #.................
........# #.................
........# #.................
........# #.................
........########.................
................ .........
.....#######+#+### .....#...
#...##### .)...#... #..@#...# #
.....#...##+##...p...# .# .....#
#.....####..)##.##... .....#
#.....#..####p....# .....#
+.....'..# #.....# .....#
#...).#..# ....^.... .....#
#...>.#### .#.....#..
.....#...##+##...####.....# #
.....#... #...# .##.##..


You could see a vault guard and an ironbound frostheart (fleeing).

Vanquished Creatures
  Nikola (Spider:2)
  Arachne (Spider:1)
  Jorgrun (Orc:2)
  A tentacled monstrosity (Swamp:4)
  Mlioglotl (Swamp:4)
  An Ice Fiend (WizLab)
  Rupert (D:15)
  2 deep elf master archers (Elf:3)
  Asterion (Elf:2)
  3 deep elf blademasters (Elf:2)
  A tengu reaver (Vaults:1)
  A fenstrider witch (Swamp:3)
  Donald (Vaults:3)
  A deep elf sorcerer (Elf:3)
  A frost giant (Vaults:1)
  Aizul (Swamp:2)
  6 vault wardens
  2 cacodemons (WizLab)
  6 emperor scorpions
  4 ghost moths
  Louise (Spider:2)
  10 ironbound preservers
  4 deep elf elementalists (Elf:3)
  5 very ugly things
  2 stone giants (Vaults:1)
  3 war gargoyles
  The ghost of Dorrokof the Black Belt, a journeyman DsBe of Trog (Orc:1)
  5 entropy weavers
  5 bunyips
  13 dire elephants
  5 deep elf demonologists (Elf:3)
  A vampire knight (Vaults:2)
  7 deep elf annihilators
  Snorg (Lair:5)
  A spark wasp (Spider:4)
  10 deep elf death magi
  A blizzard demon (WizLab)
  A crystal guardian (Vaults:2)
  5 eleionomae
  2 ettins
  3 green deaths
  Josephine (Lair:5)
  2 shambling mangroves
  5 ironbound thunderhulks
  Harold (Lair:2)
  A fire dragon (D:11)
  The ghost of benitares the Carver, a journeyman MiFi of Okawaru (D:11)
  2 great orbs of eyes (Swamp:4)
  3 deep elf high priests (Elf:3)
  4 yaktaur captains
  A hell beast (Swamp:4)
  20 hydras
  A merfolk avatar (Lair:6)
  A ghost crab (Swamp:2)
  2 spriggan air magi
  2 peacekeepers
  6 boulder beetles
  A catoblepas (D:14)
  4 vault guards
  Fannar (Lair:2)
  6 two-headed ogres
  6 ironbound frosthearts
  A death knight (D:14)
  2 death scarabs (Gauntlet)
  7 centaur warriors
  13 alligators
  12 death yaks
  A tengu warrior (D:13)
  24 dancing weapons
  A vampire mage (Vaults:2)
  Nergalle (Lair:3)
  Urug (Lair:2)
  A spriggan berserker (Swamp:4)
  A sun demon (WizLab)
  6 deep elf knights
  2 soul eaters (WizLab)
  A fire crab (shapeshifter) (Elf:2)
  33 deep trolls
  2 skeletal warriors
  7 spriggan druids
  6 goliath frogs
  A shadow wraith (Vaults:1)
  A spectral hydra (Gauntlet)
  4 deep elf archers
  8 swamp dragons
  9 bog bodies
  A lindwurm (shapeshifter) (Elf:1)
  5 wizards
  25 deep elf pyromancers
  A necromancer (Vaults:2)
  2 harpies (Lair:6)
  A phantasmal warrior (Vaults:2)
  8 ironbound convokers
  15 deep elf zephyrmancers
  An orc knight (Orc:2)
  3 manticores
  5 lindwurms
  5 will-o-the-wisps
  An oklob plant (Lair:2)
  17 ugly things
  18 orb spiders
  2 orc sorcerers (Orc:1)
  32 wolf spiders
  A tengu skeleton (Vaults:2)
  3 cyclopes
  2 moths of wrath (Spider:4)
  7 vault sentinels
  11 elephants (Lair:6)
  A human skeleton (Vaults:2)
  An orange demon (Swamp:4)
  A torpor snail (Spider:2)
  A smoke demon (WizLab)
  4 gargoyles
  A water nymph (shapeshifter) (Vaults:1)
  5 black mambas
  4 cane toads
  3 large abominations
  Maggie (D:7)
  24 yaktaurs
  4 rime drakes
  3 kobold demonologists (D:11)
  2 tengu conjurers (D:13)
  5 komodo dragons
  18 demonic crawlers
  3 ice devils (WizLab)
  6 trolls
  A merfolk (D:13)
  8 tyrant leeches
  A meliai (Lair:4)
  27 jumping spiders
  A jumping spider (shapeshifter) (Elf:3)
  2 polar bears
  A queen bee (Lair:4)
  2 wind drakes (Lair:6)
  26 blink frogs
  A hornet (shapeshifter) (Elf:1)
  18 hornets
  15 dream sheep
  31 slime creatures
  A snapping turtle (Lair:6)
  9 shadows
  80 redbacks
  3 air elementals (Elf:3)
  3 vampires
  A ynoxinul (WizLab)
  43 yaks
  9 spriggans
  7 water elementals
  5 wyverns
  A deep troll skeleton (Vaults:2)
  26 tarantellas
  8 wraiths
  2 fire elementals (Elf:2)
  2 spectral komodo dragons (Gauntlet)
  5 vampire mosquitoes
  9 basilisks
  A neqoxec (WizLab)
  5 small abominations (Gauntlet)
  2 steam dragons (Lair:6)
  2 chaos spawn (WizLab)
  21 swamp worms
  2 wargs (Orc:2)
  10 water moccasins
  2 acid dragons
  A black bear (D:5)
  2 sky beasts
  2 ice beasts (D:7)
  16 orc warriors
  A swamp drake (Swamp:3)
  A necrophage (D:13)
  13 wolves
  3 boggarts (Vaults:1)
  7 ogres
  2 lemures (D:6)
  A phantom (D:4)
  13 centaurs
  14 kobold brigands
  15 bullfrogs
  2 gnoll sergeants
  A wyvern zombie (D:9)
  7 earth elementals
  4 scorpions (Lair:4)
  A wyvern skeleton (D:7)
  A hornet simulacrum (D:14)
  33 killer bees
  7 howler monkeys
  4 electric eels
  4 jellies
  2 gnoll shamans
  Crazy Yiuf (D:7)
  8 orc priests
  2 hounds
  A centaur skeleton (D:6)
  7 centaur zombies
  Natasha (D:3)
  5 iguanas
  14 orc wizards
  A scorpion zombie (D:3)
  A killer bee zombie (D:6)
  8 mummies (Ossuary)
  A hound zombie (D:3)
  17 gnolls
  7 adders
  A white imp (D:8)
  5 worms
  4 dart slugs
  61 orcs
  5 ball pythons
  2 bats
  8 endoplasms
  3 giant cockroaches
  2 gnoll zombies (Ossuary)
  4 goblins
  A hobgoblin (D:4)
  5 quokkas
  2 frilled lizards (D:2)
  A hobgoblin zombie (Ossuary)
  25 kobolds
  2 kobold zombies (Ossuary)
  3 orc zombies (Ossuary)
  A quokka zombie (D:3)
  7 rats
1358 creatures vanquished.

Vanquished Creatures (collateral kills)
  2 ghost moths (Spider:4)
  A vault warden (Vaults:3)
  An emperor scorpion (Spider:4)
  A reaper (WizLab)
  An ironbound preserver (Vaults:2)
  A minotaur (Gauntlet)
  A dire elephant (Vaults:1)
  A green death (WizLab)
  A vault guard (Vaults:3)
  3 hydras
  A centaur warrior (Orc:2)
  A death scarab (Gauntlet)
  An alligator (Swamp:2)
  3 death yaks (Lair:6)
  3 deep trolls (Vaults:2)
  A wolf spider (Spider:1)
  2 orc knights (Orc:2)
  An ugly thing (Vaults:2)
  An orb spider (Spider:2)
  A will-o-the-wisp (Swamp:2)
  A smoke demon (WizLab)
  A torpor snail (Lair:6)
  4 cane toads
  A demonic crawler (Spider:3)
  2 meliai (Lair:4)
  9 jumping spiders
  5 slime creatures (Swamp:4)
  10 redbacks
  8 tarantellas
  6 yaks (Lair:6)
  2 basilisks
  A water moccasin (Lair:6)
  12 orc warriors (Orc:2)
  A black bear (Lair:1)
  4 centaurs (Orc:2)
  A wolf (Lair:6)
  2 bullfrogs (Lair:1)
  6 killer bees (Lair:4)
  2 orcs (Orc:2)
106 creatures vanquished.

Vanquished Creatures (others)
  A centaur warrior (D:13)
  An alligator (Swamp:4)
  A deep elf zephyrmancer (Elf:2)
  2 wolf spiders (Spider:2)
  3 bloated husks
  2 jumping spiders
  6 redbacks (Spider:2)
  2 spriggans
  4 tarantellas (Spider:2)
  A swamp drake (Swamp:2)
  3 orcs
  24 foxfires
  30 fungi
  56 plants
  A withered plant (Gauntlet)
137 creatures vanquished.

Grand Total: 1601 creatures vanquished

Notes
Turn   | Place    | Note
-------+----------+-------------------------------------------
     0 | D:1      | Johnny the Human Berserker began the quest for the Orb.
     0 | D:1      | Reached XP level 1. HP: 18/18 MP: 1/1
   196 | D:1      | Reached XP level 2. HP: 24/24 MP: 2/2
   926 | D:2      | Found a shimmering altar of Xom.
  1539 | D:2      | Reached XP level 3. HP: 29/29 MP: 3/3
  1788 | D:3      | Found a faded altar of an unknown god.
  1801 | D:3      | Reached XP level 4. HP: 17/35 MP: 4/4
  2009 | D:3      | Noticed Natasha
  2021 | D:3      | Killed Natasha
  2267 | D:3      | Reached XP level 5. HP: 42/42 MP: 5/5
  2274 | D:3      | Reached skill level 4 in Fighting
  2281 | D:3      | Reached skill level 5 in Long Blades
  2389 | D:3      | Reached ** piety under Trog
  2649 | D:3      | Found a basalt altar of Yredelemnul.
  2655 | D:3      | Reached XP level 6. HP: 47/48 MP: 6/6
  3041 | D:3      | Found a sparkling altar of Nemelex Xobeh.
  3562 | D:3      | Noticed Natasha
  3693 | D:4      | Found a sand-covered staircase.
  3697 | Ossuary  | Entered an ossuary
  4002 | Ossuary  | Reached *** piety under Trog
  4088 | Ossuary  | Reached XP level 7. HP: 54/55 MP: 7/7
  4320 | D:4      | Reached skill level 5 in Fighting
  4856 | D:5      | Entered Level 5 of the Dungeon
  4918 | D:5      | Reached XP level 8. HP: 64/64 MP: 8/8
  4996 | D:5      | Found a radiant altar of Vehumet.
  5096 | D:5      | Found a staircase to the Ecumenical Temple.
  5124 | D:5      | Reached skill level 6 in Fighting
  5265 | D:5      | Found the ring of Shadows {Umbra +Inv Stlth+}
  5908 | D:6      | Found a shimmering blue altar of Sif Muna.
  6082 | D:6      | Reached XP level 9. HP: 70/71 MP: 9/9
  6291 | D:7      | Reached skill level 7 in Fighting
  6326 | D:7      | Noticed Maggie
  6498 | D:7      | Killed Maggie
  6499 | D:7      | Reached skill level 10 in Long Blades
  6499 | D:7      | Noticed a two-headed ogre
  6506 | D:7      | Killed a two-headed ogre
  6507 | D:7      | Reached skill level 8 in Fighting
  6521 | D:7      | Reached XP level 10. HP: 77/80 MP: 10/10
  6882 | D:7      | Found a broken altar of Ashenzari.
  6959 | D:7      | Reached **** piety under Trog
  7420 | D:7      | Reached skill level 9 in Fighting
  7608 | D:7      | Noticed Pikel
  7899 | D:7      | Found a runed translucent door.
  7900 | D:7      | Noticed Crazy Yiuf
  7908 | D:7      | Killed Crazy Yiuf
  8266 | D:8      | Found Leucitt Urgho's Magic Scroll Shop.
  8274 | D:8      | Bought 2 scrolls of identify for 48 gold pieces
  8274 | D:8      | Bought a scroll of teleportation for 36 gold pieces
  8274 | D:8      | Bought 3 scrolls of identify for 72 gold pieces
  8274 | D:8      | Bought a scroll of identify for 24 gold pieces
  8274 | D:8      | Bought a scroll of identify for 24 gold pieces
  8274 | D:8      | Bought a scroll of fog for 24 gold pieces
  8274 | D:8      | Bought a scroll of magic mapping for 42 gold pieces
  8274 | D:8      | Bought a scroll of fog for 24 gold pieces
  8274 | D:8      | Bought a scroll of identify for 24 gold pieces
  8274 | D:8      | Bought a scroll of magic mapping for 42 gold pieces
  8278 | D:8      | Identified a scroll of acquirement
  8283 | D:8      | Acquired a +4 great sword of draining
  8325 | D:8      | Found a runed translucent gate.
  8326 | D:8      | Found a runed translucent gate.
  8326 | D:8      | Found a runed translucent gate.
  8326 | D:8      | Noticed Liado's ghost (novice GnFi)
  8525 | D:8      | Reached XP level 11. HP: 80/89 MP: 11/11
  8536 | D:8      | Noticed a three-headed hydra
  8541 | D:8      | Killed a six-headed hydra
  8548 | D:8      | Identified the +9 halberd of Agony {flame, rC- Int+4}
  8736 | D:8      | Noticed a moth of wrath
  8750 | D:8      | Found a bloodstained altar of Trog.
  8947 | D:8      | Found a viscous altar of Jiyva.
  9079 | D:9      | Found a glowing silver altar of Zin.
  9241 | D:9      | Reached ***** piety under Trog
  9552 | D:9      | Noticed a boulder beetle
  9563 | D:9      | Killed a boulder beetle
  9630 | D:9      | Found an opulent altar of Gozag.
 10045 | D:9      | Found a staircase to the Orcish Mines.
 10121 | D:10     | Entered Level 10 of the Dungeon
 10178 | D:10     | Found a shadowy altar of Dithmenos.
 10182 | D:10     | Reached skill level 15 in Long Blades
 10509 | D:10     | Identified the +2 ring mail "Mehoge" {rN+++ Dex+3}
 10704 | D:10     | Found a hide-covered altar of Uskayaw.
 10946 | D:11     | Noticed a two-headed ogre
 10948 | D:11     | Killed a two-headed ogre
 10979 | D:11     | Acquired the ring "Becs" {Contam *Corrode rElec rF+++
                  | Int+6}
 11013 | D:11     | Reached XP level 12. HP: 96/96 MP: 12/12
 11017 | D:11     | Found a runed translucent gate.
 11017 | D:11     | Found a runed translucent gate.
 11017 | D:11     | Found a runed translucent gate.
 11018 | D:11     | Noticed benitares's ghost (journeyman MiFi)
 11029 | D:11     | Noticed a two-headed ogre
 11031 | D:11     | Noticed a sixfirhy
 11033 | D:11     | Noticed a sixfirhy
 11035 | D:11     | Noticed a sun demon
 11130 | D:11     | Killed a two-headed ogre
 11324 | D:11     | Noticed a fire dragon
 11325 | D:11     | Found a staircase to the Lair.
 11337 | D:11     | Killed a fire dragon
 11912 | D:11     | Noticed a boulder beetle
 11936 | D:11     | Killed a boulder beetle
 12069 | D:11     | Killed benitares's ghost
 12311 | D:12     | Noticed a six-headed hydra
 12317 | D:12     | Killed a ten-headed hydra
 13101 | D:13     | Reached XP level 13. HP: 101/101 MP: 13/13
 13264 | D:13     | Noticed an eight-headed hydra
 13271 | D:13     | Killed an 11-headed hydra
 13317 | D:13     | Noticed a centaur warrior
 13442 | D:13     | Killed a centaur warrior
 13618 | D:13     | Noticed a vault guard
 13633 | D:13     | Killed a vault guard
 13773 | D:13     | Found a gate to the Vaults.
 14032 | Lair:1   | Entered Level 1 of the Lair of Beasts
 14190 | Lair:1   | Noticed a four-headed hydra
 14197 | Lair:1   | Killed an eight-headed hydra
 14633 | Lair:2   | Noticed a four-headed hydra
 14637 | Lair:2   | Noticed a four-headed hydra
 14639 | Lair:2   | Killed a six-headed hydra
 14641 | Lair:2   | Noticed a five-headed hydra
 14641 | Lair:2   | Noticed Harold
 14700 | Lair:1   | Killed a nine-headed hydra
 15062 | Lair:2   | Killed Harold
 15065 | Lair:2   | Noticed Fannar
 15071 | Lair:2   | Killed Fannar
 15080 | Lair:2   | Killed an eight-headed hydra
 15117 | Lair:2   | Found the +2 robe of Vines {NoPotionHeal Regen+++}
 15282 | Lair:2   | Found a staircase to the Swamp.
 15306 | Lair:2   | Noticed Urug
 15312 | Lair:2   | Killed Urug
 15690 | Lair:3   | Reached XP level 14. HP: 101/109 MP: 14/14
 15748 | Lair:3   | Reached skill level 10 in Fighting
 15870 | Lair:3   | Found a transporter.
 15873 | Lair:3   | Found a transporter.
 15973 | Lair:3   | Found a one-way gate to the infinite horrors of the Abyss.
 15973 | Lair:3   | Noticed Essalna's ghost (journeyman GrFE)
 16175 | Lair:3   | Noticed Nergalle
 16185 | Lair:3   | Killed Nergalle
 16711 | Lair:4   | Reached skill level 11 in Fighting
 17040 | Lair:4   | Found a hole to the Spider Nest.
 17751 | Lair:5   | Noticed Josephine
 17773 | Lair:5   | Killed Josephine
 17869 | Lair:5   | Noticed Snorg
 17885 | Lair:5   | Killed Snorg
 17949 | Lair:5   | Reached XP level 15. HP: 112/119 MP: 15/15
 18459 | Lair:6   | Entered Level 6 of the Lair of Beasts
 18478 | Lair:6   | Reached skill level 12 in Fighting
 18518 | Lair:6   | Reached skill level 5 in Armour
 18520 | Lair:6   | Reached skill level 5 in Dodging
 18568 | Lair:6   | Found a gate leading to a gauntlet.
 18578 | Gauntlet | Entered a Gauntlet
 18578 | Gauntlet | Found a transporter.
 18578 | Gauntlet | Found a runed translucent door.
 18596 | Gauntlet | Found a runed translucent door.
 18598 | Gauntlet | Found a transporter.
 18601 | Gauntlet | Found a transporter.
 18602 | Gauntlet | Found a transporter.
 18610 | Gauntlet | Found a transporter.
 18613 | Gauntlet | Found a transporter.
 18614 | Gauntlet | Found a transporter.
 18618 | Gauntlet | Found a runed translucent door.
 18619 | Gauntlet | Found a runed translucent door.
 18622 | Gauntlet | Found a transporter.
 18625 | Gauntlet | Found a transporter.
 18626 | Gauntlet | Found a transporter.
 18634 | Gauntlet | Found a transporter.
 18637 | Gauntlet | Found a transporter.
 18638 | Gauntlet | Found a transporter.
 18646 | Gauntlet | Found a transporter.
 18991 | Gauntlet | HP: 2/107 [death scarab (16)]
 19184 | Gauntlet | Found the +3 pair of seven-league boots {Rampage+∞}
 19187 | Gauntlet | Identified the +9 long sword of Liulaj {vorpal, Dex+3}
 19463 | Lair:6   | Reached skill level 13 in Fighting
 19602 | Lair:6   | Reached XP level 16. HP: 125/130 MP: 16/16
 20110 | Lair:6   | Identified the ring of Gudan {Fly rPois rCorr Slay+2}
 20186 | Lair:6   | Received a gift from Trog
 20473 | Lair:6   | Found a viscous altar of Jiyva.
 20473 | Lair:6   | Found a staircase to the Slime Pits.
 20665 | Orc:1    | Entered Level 1 of the Orcish Mines
 20768 | Orc:2    | Entered Level 2 of the Orcish Mines
 20860 | Orc:2    | Found Mube's General Store.
 20860 | Orc:2    | Found Acamiuru's Distillery.
 20860 | Orc:2    | Found Dorudgh's Antique Armour Shop.
 21119 | Orc:2    | Found Urudumicri's Jewellery Emporium.
 21128 | Orc:2    | Bought a potion of heal wounds for 55 gold pieces
 21128 | Orc:2    | Bought a potion of curing for 33 gold pieces
 21128 | Orc:2    | Bought a potion of invisibility for 88 gold pieces
 21128 | Orc:2    | Bought a potion of curing for 33 gold pieces
 21128 | Orc:2    | Bought a potion of might for 44 gold pieces
 21128 | Orc:2    | Bought a potion of flight for 33 gold pieces
 21128 | Orc:2    | Bought a potion of heal wounds for 55 gold pieces
 21128 | Orc:2    | Bought a potion of lignification for 33 gold pieces
 21140 | Orc:2    | Bought an embroidered hat for 224 gold pieces
 21140 | Orc:2    | Bought an embroidered scarf for 256 gold pieces
 21140 | Orc:2    | Bought a shimmering chain mail for 304 gold pieces
 21140 | Orc:2    | Identified the +1 chain mail "Wyodemot" {rN+++ Str-4 Int-3
                  | SInv} (You bought it in a shop on level 2 of the Orcish
                  | Mines)
 21171 | Orc:2    | Noticed Jorgrun
 21211 | Orc:2    | Found a staircase to the Elven Halls.
 21285 | Orc:2    | Killed Jorgrun
 21595 | Orc:1    | Found Suoliz's Magic Scroll Shoppe.
 21605 | Orc:1    | Bought a scroll of teleportation for 36 gold pieces
 21605 | Orc:1    | Bought a scroll of identify for 24 gold pieces
 21605 | Orc:1    | Bought a scroll of teleportation for 36 gold pieces
 21605 | Orc:1    | Bought a scroll of fog for 24 gold pieces
 21605 | Orc:1    | Bought a scroll of identify for 24 gold pieces
 21605 | Orc:1    | Bought 2 scrolls of identify for 48 gold pieces
 21664 | Orc:1    | Found a runed translucent door.
 21664 | Orc:1    | Noticed Dorrokof's ghost (journeyman DsBe)
 21921 | Orc:1    | You fall into a shaft and drop 1 floor!
 22230 | Orc:1    | Killed Dorrokof's ghost
 22710 | D:14     | Identified the +4 ring mail of Neja {Rampage +Blink}
 22812 | D:14     | Reached skill level 14 in Fighting
 22883 | D:14     | Found Zin's Purification Station.
 22883 | D:14     | Found a glowing silver altar of Zin.
 22900 | D:14     | Bought 2 potions of curing for 180 gold pieces
 23499 | D:15     | Entered Level 15 of the Dungeon
 23568 | D:15     | Noticed Rupert
 23574 | D:15     | Killed Rupert
 23685 | D:15     | Found a staircase to the Depths.
 23943 | Swamp:1  | Entered Level 1 of the Swamp
 24214 | Swamp:1  | Reached XP level 17. HP: 140/140 MP: 17/17
 24328 | Swamp:1  | Reached skill level 15 in Fighting
 24736 | Swamp:2  | Noticed Aizul
 24744 | Swamp:2  | Killed Aizul
 24924 | Swamp:2  | Identified Roxanne's Papyrus of Shape Shifting
 24924 | Swamp:2  | Noticed Roxanne
 25058 | Swamp:2  | Reached skill level 16 in Fighting
 25487 | Swamp:3  | Found a runed translucent gate.
 25487 | Swamp:3  | Found a runed translucent gate.
 25487 | Swamp:3  | Found a runed translucent gate.
 25497 | Swamp:3  | Noticed Alackytt's ghost (journeyman TrBe)
 25972 | Swamp:3  | Reached skill level 17 in Fighting
 26303 | Swamp:4  | Entered Level 4 of the Swamp
 26424 | Swamp:4  | Noticed Mlioglotl
 26427 | Swamp:4  | Noticed a bone dragon
 26431 | Swamp:4  | Noticed a tentacled starspawn
 26620 | Swamp:4  | Noticed a tentacled monstrosity
 26692 | Swamp:4  | Killed Mlioglotl
 26750 | Swamp:4  | Reached XP level 18. HP: 156/156 MP: 18/18
 26770 | Swamp:4  | Reached skill level 18 in Fighting
 26877 | Swamp:4  | Killed a tentacled monstrosity
 27081 | Swamp:4  | Paralysed by a great orb of eyes for 4 turns
 27366 | Swamp:4  | Reached skill level 19 in Fighting
 27423 | Swamp:4  | Received a gift from Trog
 27423 | Swamp:4  | Found the +8 arc blade {discharge, rElec}
 27492 | Swamp:4  | Got a decaying rune of Zot
 27852 | Spider:1 | Entered Level 1 of the Spider Nest
 28243 | Spider:1 | Reached skill level 20 in Fighting
 28828 | Spider:2 | Noticed Arachne
 28830 | Spider:2 | Noticed Louise
 28836 | Spider:2 | Noticed Nikola
 28877 | Spider:1 | Killed Arachne
 28917 | Spider:2 | Killed Louise
 28920 | Spider:2 | Killed Nikola
 28921 | Spider:2 | Reached XP level 19. HP: 170/170 MP: 19/19
 29094 | Spider:2 | Reached skill level 21 in Fighting
 30419 | Spider:3 | Received a gift from Trog
 30847 | Spider:4 | Entered Level 4 of the Spider Nest
 31187 | Spider:4 | Reached skill level 22 in Fighting
 32197 | Spider:4 | Reached skill level 23 in Fighting
 32225 | Spider:4 | Got a gossamer rune of Zot
 32348 | Spider:4 | Reached XP level 20. HP: 185/185 MP: 20/20
 32567 | Spider:1 | Identified the -6 pair of boots of Vewuni {+Blink rC+
                  | Will+}
 32801 | Elf:1    | Entered Level 1 of the Elven Halls
 33586 | Elf:1    | Received a gift from Trog
 34226 | Elf:2    | Found a runed translucent gate.
 34226 | Elf:2    | Found a runed translucent gate.
 34226 | Elf:2    | Found a runed translucent gate.
 34232 | Elf:2    | Reached skill level 24 in Fighting
 34340 | Elf:2    | Found Pifo's Book Emporium.
 34341 | Elf:2    | Found Ecwoli's Jewellery Shop.
 34342 | Elf:2    | Found Fiqeess's Book Emporium.
 34737 | Elf:2    | Noticed Asterion
 34755 | Elf:2    | Killed Asterion
 34896 | Elf:3    | Entered Level 3 of the Elven Halls
 34977 | Elf:3    | Paralysed by an air elemental for 1 turns
 35087 | Elf:3    | Identified the +2 chain mail of Eternal Night {rPois Str-4
                  | Int+3 Dex+6}
 35563 | Elf:3    | Identified the +7 battleaxe of Pihuu {spect, rElec Int+3
                  | Dex+3}
 35791 | Elf:3    | Reached skill level 10 in Dodging
 35812 | Elf:3    | Reached XP level 21. HP: 191/191 MP: 21/21
 35817 | Elf:3    | Reached skill level 25 in Fighting
 35887 | Elf:3    | Identified the +3 steam dragon scales of Patience {rN+
                  | Int+5 Dex+3}
 35957 | Elf:3    | Identified the +1 plate armour "Ituiriufa" {rC+}
 36710 | Vaults:1 | Entered Level 1 of the Vaults
 38041 | Vaults:1 | Received a gift from Trog
 38506 | Vaults:1 | Reached skill level 10 in Armour
 38510 | Vaults:1 | Reached XP level 22. HP: 57/208 MP: 22/22
 38994 | Vaults:1 | Reached skill level 26 in Fighting
 39021 | Vaults:1 | Gained mutation: You are clumsy. (Dex -2) [a shining eye]
 39304 | Vaults:2 | Found a magical portal.
 39320 | WizLab   | Entered Doroklohe's Tomb
 39521 | WizLab   | Gained mutation: You are very clumsy. (Dex -4) [a
                  | cacodemon]
 39524 | WizLab   | Gained mutation: You are frail. (-10% HP) [a cacodemon]
 39531 | WizLab   | Lost mutation: You are very clumsy. (Dex -4) [potion of
                  | mutation]
 39531 | WizLab   | Lost mutation: You are frail. (-10% HP) [potion of
                  | mutation]
 39531 | WizLab   | Lost mutation: You are clumsy. (Dex -2) [potion of
                  | mutation]
 39531 | WizLab   | Gained mutation: Your spells are a little easier to cast,
                  | but a little less powerful. [potion of mutation]
 39531 | WizLab   | Gained mutation: Your magical capacity is low. (-10% MP)
                  | [potion of mutation]
 39531 | WizLab   | Gained mutation: Your movements are slightly less
                  | encumbered by armour. (ER -2) [potion of mutation]
 39531 | WizLab   | Gained mutation: You are partially covered in iridescent
                  | scales. (AC +2) [potion of mutation]
 40312 | Vaults:2 | Found a staircase to the Crypt.
 41289 | Vaults:3 | Noticed Donald
 41294 | Vaults:3 | Killed Donald
 41547 | Vaults:3 | HP: 7/210 [ironbound frostheart/creeping frost (21)]
 41548 | Vaults:3 | Slain by a vault guard

Illustrated notes

Levels and vault maps discovered:
D:1:      amcnicky_arrival_single_pillar, layout_basic, chequers_mini_garden
D:2:      layout_basic, basic_altar
D:3:      layout_loops_corners, nicolae_yredelemnul_corpse_copse,
          nemelex_dance_club_becter, hellmonk_ecumenical_altar_leap_of_faith,
          uniq_natasha
D:4:      layout_loops_corners, nicolae_ossuary_entry_false_entrances
D:5:      layout_basic, overflow_temple_1_default, minmay_temple_entry_mist
D:6:      layout_basic, tgw_sif
D:7:      layout_layer_cave, ashenzari_altar_1, corexii_item_surrounded_by_moat,
          minmay_misc_feat_doors, kennysheep_generic_room_6, uniq_pikel,
          uniq_crazy_yiuf_cottage, uniq_maggie
D:8:      layout_loops_cross, tgw_trog, serial_shops, nicolae_diamond_shop,
          gammafunk_ghost_ooze, hangedman_ranch
D:9:      layout_layer_cave, pdpol_temple_overflow_zin_treasury_gozag_greed,
          hiddenorc1_lemuel, nzn_sisyphean_effort
D:10:     layout_gridville, nicolae_uskayaw_dance_studio,
          grunt_dithmenos_shadows, hangedman_decor_peaks_small
D:11:     layout_layer_cave, minmay_lair_entry_lava,
          gammafunk_ghost_nasty_kobolds
D:12:     layout_stronghold
D:13:     layout_basic, david_vaults_4, hangedman_stone_soup
D:14:     layout_stronghold, serial_park_tiny_1, st_stairs_3, zin_purify
D:15:     hangedman_depths_entry_civil_slaughter, layout_irregular_city,
          minmay_misc_feat_rows, uniq_rupert, uniq_azrael
Lair:1:   layout_gridlike, grunt_megastairs_2, infiniplex_staircase_pool
Lair:2:   layout_regular_city, swamp_mist_pool, hellmonk_guarded_unrand_vines,
          lemuel_fruit_fields, uniq_fannar, uniq_harold, uniq_urug
Lair:3:   layout_chaotic_city, gammafunk_ghost_abyssal_escape,
          serial_bayou_shore_b, grunt_megastairs_1, lemuel_fruit_tree,
          uniq_nergalle
Lair:4:   layout_cave_shapes, nicolae_spider_entry_non_spiders, special_room
          [special_room_bee]
Lair:5:   layout_concentric_octagons, minmay_stone_trees_small, uniq_josephine,
          uniq_snorg
Lair:6:   gammafunk_lair_ancient_temple, layout_cave_pods,
          dpeg_slime_entry_enclosed_altar, gauntlet_entry_generic,
          serial_bayou_shore_b, grunt_megastairs_3
Swamp:1:  layout_basic_swamp, evilmike_swamp_ruin_rubble_1, swamp_pool1,
          st_swamp_ruins_3
Swamp:2:  layout_basic_swamp, wheals_swamp_sinkhole,
          infiniplex_staircase_pool_2, uniq_roxanne, uniq_aizul
Swamp:3:  layout_falls_marsh, gammafunk_ghost_necromancy,
          evilmike_swamp_ruin_wall
Swamp:4:  swamp_vile, layout_basic_swamp, uniq_mlioglotl
Spider:1: nicolae_spider_mines_2
Spider:2: layout_spider_delve, uniq_arachne, uniq_louise, uniq_nikola
Spider:3: layout_spider_delve
Spider:4: spider_rune_water, drop_trap, spiders_nest_hornet_nest
Orc:1:    layout_caves, hellmonk_ghost_happy_afterlife, serial_shops,
          nicolae_shop_waterfront
Orc:2:    st_orc_rangers, layout_caves, uniq_jorgrun
Elf:1:    minmay_elf_arrival_circle, layout_geoelf_diagonals,
          hangedman_elven_crosses_minicolossus
Elf:2:    nicolae_elf_blades_splatter_lattice [nicolae_blade_little_rooms],
          layout_loops_ring, drop_trap, minmay_shop_grove, uniq_asterion
Elf:3:    grunt_elf_hall_branching, layout_loops_cross,
          hellmonk_bongcloud_opening, grunt_ministairs_15
Vaults:1: hangedman_vaults_variations, vaults_room_door_hall,
          nicolae_vaults_arrows, v_alt_pattern_1,
          nicolae_vaults_twisting_passages, grunt_vaults_twisty, v_rooms_5,
          nicolae_vaults_little_squares_4, dpeg_vaults_waves,
          hangedman_vaults_stretched_pinwheel, nicolae_vaults_little_squares_1,
          layout_vaults_omnibox
Vaults:2: infiniplex_enter_wizlab_water, ontoclasm_vaults_ring_large,
          v_alt_pattern_5, v_misc_11, grunt_vaults_diagonal,
          vaults_room_door_hall, grunt_vaults_funnel,
          nicolae_vaults_mini_display_case, minmay_crypt_entry_simple_box,
          hangedman_vaults_impose, layout_vaults_quadrants, uniq_margery
Vaults:3: dpeg_vaults_pockets_of_resistance, ontoclasm_vaults_fault, v_misc_30,
          v_misc_18, v_misc_25, v_misc_18, grunt_vaults_focal,
          vaults_room_semicircle, nicolae_vaults_rhombus_5,
          dpeg_vaults_monster_box, layout_vaults_chaotic_city, uniq_donald

Skill      XL: |  1  2  3  4  5  6  7  8  9 10 11 12 13 14 15 16 17 18 19 20 21 22 |
---------------+-------------------------------------------------------------------+-----
Long Blades    | 4 5 6 7 9 11 13 15 18 20 21 | 21.7
Fighting       | 4 5 6 8 9 11 13 14 17 20 23 24 25 26 | 26.5
Armour         | 3 7 9 10 12 | 12.0
Dodging        | 3 7 9 10 12 14 | 14.3

Action                   |  1- 3 |  4- 6 |  7- 9 | 10-12 | 13-15 | 16-18 | 19-21 | 22-24 || total
-------------------------+-------+-------+-------+-------+-------+-------+-------+-------++-------
Melee: Falchion          |    58 |   226 |   258 |   359 |       |       |       |       ||   901
       Great sword       |       |       |       |   320 |   734 |  1014 |  1196 |   401 ||  3665
       Demon blade       |       |       |       |       |       |       |     5 |       ||     5
Throw: Throwing net      |       |     1 |     1 |       |     2 |     3 |       |       ||     7
Invok: Berserk           |     1 |     3 |     9 |    15 |    22 |    33 |    29 |     5 ||   117
       Trog's Hand       |       |     2 |     3 |    10 |    19 |    19 |    32 |     6 ||    91
       Brothers in Arms  |       |       |       |       |    10 |    13 |    10 |     9 ||    42
Evoke: Wand              |       |       |    15 |     9 |    37 |    70 |    36 |     5 ||   172
       Condenser vane    |       |       |       |       |     1 |       |     1 |       ||     2
  Use: Scroll            |       |       |     6 |    18 |    17 |    13 |    16 |     6 ||    76
       Potion            |       |       |     4 |     2 |     5 |     5 |    14 |     9 ||    39
 Stab: Sleeping          |       |       |       |     9 |       |     3 |     3 |     1 ||    16
       Distracted        |       |       |       |     1 |     1 |       |     4 |     2 ||     8
       Held in net/web   |       |       |       |       |       |     4 |       |       ||     4
       Invisible         |       |       |       |       |       |       |     6 |       ||     6
       Confused          |       |       |       |       |       |       |     5 |       ||     5
Armor: Scale mail        |    14 |    59 |   111 |    12 |       |       |       |       ||   196
       Swamp dragon scal |       |       |       |   129 |   202 |   109 |       |       ||   440
       Troll leather arm |       |       |       |    34 |    29 |   235 |   600 |   110 ||  1008
       Crystal plate arm |       |       |       |       |       |       |       |    20 ||    20
Dodge: Dodged            |    28 |   100 |   149 |   610 |   656 |   811 |   893 |   228 ||  3475

Table legend: (Time is in decaauts)
 A = Elapsed time spent in this place.
 B = Non-inter-level travel time spent in this place.
 C = Inter-level travel time spent in this place.
 D = Time resting spent in this place.
 E = Time spent auto-exploring this place.
 F = Levels seen in this place.
 G = Mean time per level.
                   A        B        C        D        E       F      G
               +--------+--------+--------+--------+--------+-----+--------+
         Total |  41666 |  39148 |   2518 |   6532 |  23239 |  40 | 1041.7 |
       Dungeon |  15635 |  14629 |   1006 |   1800 |  10202 |  15 | 1042.3 |
          Lair |   6187 |   5554 |    633 |    469 |   3632 |   6 | 1031.2 |
         Swamp |   3973 |   3805 |    168 |   1009 |   1703 |   4 |  993.2 |
   Spider Nest |   4540 |   4256 |    284 |   1060 |   1877 |   4 | 1135.0 |
  Orcish Mines |   1787 |   1582 |    205 |    192 |   1037 |   2 |  893.5 |
   Elven Halls |   3713 |   3632 |     81 |    740 |   1832 |   3 | 1237.7 |
        Vaults |   4171 |   4033 |    138 |    686 |   2490 |   3 | 1390.3 |
       Ossuary |    464 |    464 |      0 |    243 |     99 |   1 |  464.0 |
        Wizlab |    498 |    498 |      0 |     54 |    147 |   1 |  498.0 |
      Gauntlet |    693 |    693 |      0 |    275 |    218 |   1 |  693.0 |
               +--------+--------+--------+--------+--------+-----+--------+

Top non-repeatable levels by time:
Vaults:1: 2446 daAuts
     D:3: 1804 daAuts
   Elf:2: 1495 daAuts
Vaults:2: 1435 daAuts
    D:11: 1430 daAuts
  Lair:6: 1425 daAuts
     D:7: 1420 daAuts
     D:9: 1357 daAuts
    D:13: 1352 daAuts
 Swamp:4: 1340 daAuts
   Elf:3: 1248 daAuts
Spider:4: 1215 daAuts
     D:6: 1207 daAuts
Spider:1: 1186 daAuts
Spider:3: 1158 daAuts
